% Time on Ice - LAS VEGAS LIZARD KINGS
Lines # - Real PCT - Wanted PCT - Time Play
Normal Forward
1 - 36% - 32% - 19:45
2 - 32% - 31% - 17:48
3 - 28% - 30% - 15:29
4 - 4% - 7% - 2:11
Normal Defense
1 - 37% - 43% - 20:17
2 - 35% - 42% - 19:13
3 - 26% - 15% - 14:19
4 - 3% - 0% - 1:24
PP Forward
1 - 48% - 70% - 2:19
2 - 52% - 30% - 2:28
PP Defense
1 - 61% - 70% - 2:55
2 - 39% - 30% - 1:52
PK Forward
1 - 0% - 65%
2 - 0% - 35%
PK Defense
1 - 0% - 75%
2 - 0% - 25%
PK3 Forward
1 - 0% - 55%
2 - 0% - 45%
PK3 Defense
1 - 0% - 50%
2 - 0% - 50%
44 Forward
1 - 0% - 55%
2 - 0% - 45%
44 Defense
1 - 0% - 55%
2 - 0% - 45%
Last Minute Offensive  - 0:00
Last Minute Defensive  - 0:00
Total
Forward - 60:00
Defense - 60:00
% Time on Ice - UTAH ICE BEARS
Lines # - Real PCT - Wanted PCT - Time Play
Normal Forward
1 - 29% - 32% - 16:02
2 - 31% - 30% - 17:08
3 - 23% - 24% - 12:50
4 - 17% - 14% - 9:13
Normal Defense
1 - 30% - 28% - 16:37
2 - 28% - 27% - 15:37
3 - 36% - 24% - 19:40
4 - 6% - 21% - 3:19
PP Forward
1 - 0% - 55%
2 - 0% - 45%
PP Defense
1 - 0% - 53%
2 - 0% - 47%
PK Forward
1 - 66% - 55% - 3:09
2 - 34% - 45% - 1:38
PK Defense
1 - 72% - 55% - 3:28
2 - 28% - 45% - 1:19
PK3 Forward
1 - 0% - 55%
2 - 0% - 45%
PK3 Defense
1 - 0% - 55%
2 - 0% - 45%
44 Forward
1 - 0% - 50%
2 - 0% - 50%
44 Defense
1 - 0% - 55%
2 - 0% - 45%
Last Minute Offensive  - 0:00
Last Minute Defensive  - 0:00
Total
Forward - 60:00
Defense - 60:00
Play-by-Play 1st period 0:01 of 1st period - Sean Monahan wins face-off versus Nicholas Paul in neutral zone. 0:08 of 1st period - Shot by Johnny Gaudreau. 0:08 of 1st period - Shot Blocked by Tim Heed. 0:36 of 1st period - Shot by Sean Monahan. 0:36 of 1st period - Shot Misses the Net. 0:38 of 1st period - Shot by Brent Burns. 0:38 of 1st period - Shot Misses the Net. 0:40 of 1st period - Shot by Johnny Gaudreau. 0:40 of 1st period - Shot Misses the Net. 2:55 of 1st period - Icing by Derek Ryan. 2:56 of 1st period - Artem Anisimov wins face-off versus Derek Ryan in LAS VEGAS LIZARD KINGS zone. 3:00 of 1st period - Icing by Alex Petrovic. 3:01 of 1st period - Artem Anisimov wins face-off versus Derek Ryan in LAS VEGAS LIZARD KINGS zone. 3:38 of 1st period - Artem Anisimov is hit by Nino Niederreiter and loses puck. 5:01 of 1st period - Shot by Bobby Ryan. 5:01 of 1st period - Stopped by Connor Ingram without a rebound. 5:02 of 1st period - Sean Monahan wins face-off versus Zach Hyman in UTAH ICE BEARS zone. 5:06 of 1st period - Icing by Zach Hyman. 5:07 of 1st period - Nicholas Paul wins face-off versus Ryan Nugent-Hopkins in UTAH ICE BEARS zone. 6:05 of 1st period - Shot by Johnny Gaudreau. 6:05 of 1st period - Stopped by Connor Ingram without a rebound. 6:06 of 1st period - Casey Mittelstadt wins face-off versus Evan Rodrigues in UTAH ICE BEARS zone. 6:21 of 1st period - Shot by Jason Pominville. 6:21 of 1st period - Stopped by Connor Ingram with a rebound. 6:23 of 1st period - Shot by Jason Pominville. 6:23 of 1st period - Deflect By Evan Rodrigues. 6:23 of 1st period - Stopped by Connor Ingram without a rebound. 6:24 of 1st period - Artem Anisimov wins face-off versus Sean Monahan in UTAH ICE BEARS zone. 7:25 of 1st period - Off-side. 7:26 of 1st period - Alex Galchenyuk wins face-off versus Barclay Goodrow in neutral zone. 7:40 of 1st period - Minor Penalty to Brett Kulak for Goalie Interference. 7:41 of 1st period - Derek Ryan wins face-off versus Artem Anisimov in UTAH ICE BEARS zone. 9:50 of 1st period - Off-side. 9:51 of 1st period - Sean Monahan wins face-off versus Alex Galchenyuk in neutral zone. 9:54 of 1st period - Shot by Sean Monahan. 9:54 of 1st period - Goal by Sean Monahan - LAS VEGAS LIZARD KINGS : 1 - UTAH ICE BEARS : 0. 9:55 of 1st period - Sean Monahan wins face-off versus Nicholas Paul in neutral zone. 10:08 of 1st period - Shot by Sean Monahan. 10:08 of 1st period - Shot Misses the Net. 10:10 of 1st period - Shot by Sean Monahan. 10:10 of 1st period - Deflect By Nino Niederreiter. 10:10 of 1st period - Shot Misses the Net. 10:12 of 1st period - Shot by Johnny Gaudreau. 10:12 of 1st period - Stopped by Connor Ingram without a rebound. 10:13 of 1st period - Alex Galchenyuk wins face-off versus Evan Rodrigues in UTAH ICE BEARS zone. 10:13 of 1st period - Alex Galchenyuk is hit by Barclay Goodrow. 10:32 of 1st period - Shot by Alex Galchenyuk. 10:32 of 1st period - Deflect By Rudolfs Balcers. 10:32 of 1st period - Stopped by Marc-Andre Fleury with a rebound. 10:34 of 1st period - Shot by Adam Mascherin. 10:34 of 1st period - Shot Misses the Net. 10:36 of 1st period - Shot by Alex Galchenyuk. 10:36 of 1st period - Shot Misses the Net. 10:38 of 1st period - Shot by Brett Kulak. 10:38 of 1st period - Shot Blocked by Matt Niskanen. 10:40 of 1st period - Shot by Rudolfs Balcers. 10:40 of 1st period - Stopped by Marc-Andre Fleury without a rebound. 10:41 of 1st period - Nicholas Paul wins face-off versus Ryan Nugent-Hopkins in LAS VEGAS LIZARD KINGS zone. 10:48 of 1st period - Shot by Zach Hyman. 10:48 of 1st period - Stopped by Marc-Andre Fleury with a rebound. 10:51 of 1st period - Zach Hyman is hit by Brent Burns and loses puck. 10:58 of 1st period - Shot by Kevin Shattenkirk. 10:58 of 1st period - Stopped by Marc-Andre Fleury with a rebound. 11:00 of 1st period - Shot by Tim Heed. 11:00 of 1st period - Shot Misses the Net. 11:36 of 1st period - Nino Niederreiter is hit by Dominic Toninato and loses puck. 11:50 of 1st period - Johnny Gaudreau is hit by Troy Stecher and loses puck. 12:11 of 1st period - Shot by Johnny Gaudreau. 12:11 of 1st period - Shot Blocked by Troy Stecher. 13:28 of 1st period - Brent Burns is hit by Mats Zuccarello and loses puck. 13:34 of 1st period - Icing by Brent Burns. 13:35 of 1st period - Nicholas Paul wins face-off versus Ryan Nugent-Hopkins in LAS VEGAS LIZARD KINGS zone. 13:45 of 1st period - Icing by Joel Armia. 13:46 of 1st period - Artem Anisimov wins face-off versus Ryan Nugent-Hopkins in LAS VEGAS LIZARD KINGS zone. 14:14 of 1st period - Icing by Brent Burns. 14:15 of 1st period - Ryan Nugent-Hopkins wins face-off versus Nicholas Paul in LAS VEGAS LIZARD KINGS zone. 14:41 of 1st period - Shot by Zach Hyman. 14:41 of 1st period - Stopped by Marc-Andre Fleury with a rebound. 14:43 of 1st period - Shot by Kevin Shattenkirk. 14:43 of 1st period - Stopped by Marc-Andre Fleury without a rebound. 14:44 of 1st period - Sean Monahan wins face-off versus Alex Galchenyuk in LAS VEGAS LIZARD KINGS zone. 15:20 of 1st period - Shot by Sean Monahan. 15:20 of 1st period - Stopped by Connor Ingram without a rebound. 15:21 of 1st period - Derek Ryan wins face-off versus Casey Mittelstadt in UTAH ICE BEARS zone. 15:49 of 1st period - Icing by Troy Stecher. 15:50 of 1st period - Ryan Nugent-Hopkins wins face-off versus Casey Mittelstadt in UTAH ICE BEARS zone. 16:09 of 1st period - Icing by Troy Stecher. 16:10 of 1st period - Dominic Toninato wins face-off versus Sean Monahan in UTAH ICE BEARS zone. 16:22 of 1st period - Sean Monahan is hit by Dominic Toninato and loses puck. 16:32 of 1st period - Minor Penalty to Ondrej Vala for Hooking. 16:33 of 1st period - Derek Ryan wins face-off versus Artem Anisimov in UTAH ICE BEARS zone. 16:34 of 1st period - Shot by Brent Burns. 16:34 of 1st period - Stopped by Connor Ingram with a rebound. 16:52 of 1st period - Shot by Brent Burns. 16:52 of 1st period - Shot Misses the Net. 16:54 of 1st period - Shot by Derek Ryan. 16:54 of 1st period - Stopped by Connor Ingram without a rebound. 16:55 of 1st period - Casey Mittelstadt wins face-off versus Sean Monahan in UTAH ICE BEARS zone. 16:55 of 1st period - Casey Mittelstadt is hit by Barclay Goodrow. 17:57 of 1st period - Shot by Brent Burns. 17:57 of 1st period - Shot Misses the Net. 17:59 of 1st period - Shot by Brent Burns. 17:59 of 1st period - Deflect By Mike Ferland. 17:59 of 1st period - Shot Misses the Net. 18:05 of 1st period - Shot by Ryan Nugent-Hopkins. 18:05 of 1st period - Stopped by Connor Ingram without a rebound. 18:06 of 1st period - Artem Anisimov wins face-off versus Derek Ryan in UTAH ICE BEARS zone. 18:11 of 1st period - Shot by Brent Burns. 18:11 of 1st period - Shot Blocked by Troy Stecher. 18:13 of 1st period - Shot by Ryan Nugent-Hopkins. 18:13 of 1st period - Shot Misses the Net. 18:15 of 1st period - Shot by Ryan Nugent-Hopkins. 18:15 of 1st period - Goal by Ryan Nugent-Hopkins - LAS VEGAS LIZARD KINGS : 2 - UTAH ICE BEARS : 0. 18:16 of 1st period - Sean Monahan wins face-off versus Nicholas Paul in neutral zone. 18:49 of 1st period - Shot by Johnny Gaudreau. 18:49 of 1st period - Deflect By Sean Monahan. 18:49 of 1st period - Shot Blocked by Brett Kulak. 18:51 of 1st period - Shot by Johnny Gaudreau. 18:51 of 1st period - Shot Blocked by Brett Kulak. 18:53 of 1st period - Shot by Alex Petrovic. 18:53 of 1st period - Stopped by Connor Ingram without a rebound. 18:54 of 1st period - Derek Ryan wins face-off versus Artem Anisimov in UTAH ICE BEARS zone. 19:05 of 1st period - Artem Anisimov is hit by Mike Ferland. 19:15 of 1st period - Barclay Goodrow is hit by Artem Anisimov and loses puck. Goals for this period are 2 for LAS VEGAS LIZARD KINGS vs 0 for UTAH ICE BEARS. Shots for this period are 12 for LAS VEGAS LIZARD KINGS vs 6 for UTAH ICE BEARS. 2nd period 0:01 of 2nd period - Derek Ryan wins face-off versus Vladislav Kotkov in neutral zone. 0:06 of 2nd period - Shot by Mike Ferland. 0:06 of 2nd period - Stopped by Connor Ingram with a rebound. 0:08 of 2nd period - Shot by Brent Burns. 0:08 of 2nd period - Stopped by Connor Ingram without a rebound. 0:09 of 2nd period - Alex Galchenyuk wins face-off versus Ryan Nugent-Hopkins in UTAH ICE BEARS zone. 0:28 of 2nd period - Shot by Alex Galchenyuk. 0:28 of 2nd period - Stopped by Marc-Andre Fleury without a rebound. 0:29 of 2nd period - Derek Ryan wins face-off versus Nicholas Paul in LAS VEGAS LIZARD KINGS zone. 0:38 of 2nd period - Shot by Mike Ferland. 0:38 of 2nd period - Deflect By Derek Ryan. 0:38 of 2nd period - Stopped by Connor Ingram without a rebound. 0:39 of 2nd period - Alex Galchenyuk wins face-off versus Nino Niederreiter in UTAH ICE BEARS zone. 0:45 of 2nd period - Off-side. 0:46 of 2nd period - Derek Ryan wins face-off versus Nicholas Paul in neutral zone. 1:51 of 2nd period - Icing by Troy Stecher. 1:52 of 2nd period - Sean Monahan wins face-off versus Alex Galchenyuk in UTAH ICE BEARS zone. 2:05 of 2nd period - Sean Monahan is hit by MacKenzie Weegar and